 Dungeon Crawl Stone Soup version 0.13.1-28-g3517093 (console) character file.

3572 Revolution the Ducker (level 9, -1/91 HPs)
             Began as a Troll Berserker on Mar 2, 2014.
             Was an Elder of Trog.
             Impaled on a porcupine's spines (12 damage)
             ... on Level 11 of the Dungeon.
             The game lasted 00:15:45 (2375 turns).

Revolution the Ducker (Troll Berserker)             Turns: 2375, Time: 00:15:45

HP  -1/91        AC  5     Str 29      XL: 9   Next: 70%
MP   3/3         EV 12     Int  6      God: Trog [****..]
Gold 258         SH  0     Dex  9      Spells:  0 memorised,  8 levels left

Res.Fire  : . . .   See Invis. : .     - Unarmed
Res.Cold  : . . .   Warding    : .   b - +0 animal skin
Life Prot.: . . .   Conserve   : .   (shield restricted)
Res.Poison: .       Res.Corr.  : .   (helmet restricted)
Res.Elec. : .       Clarity    : .   (no cloak)
Sust.Abil.: . .     Spirit.Shd : .   (gloves unavailable)
Res.Mut.  : .       Stasis     : .   (boots unavailable)
Res.Rott. : .       Flight     : .   (no amulet)
Gourmand  : +                        (no ring)
                                     c - +2 ring of strength

@: regenerating (expiring), very resistant to hostile enchantments, very
unstealthy
A: unfitting armour, claws 3, fast metabolism 3, gourmand, regeneration 2,
saprovore 2, tough skin 2, AC +1
a: Burn Spellbooks, Berserk, Trog's Hand, Brothers in Arms, Renounce Religion


You were on level 11 of the Dungeon.
You worshipped Trog.
Trog was greatly pleased with you.
You were near starving.

You visited 1 branch of the dungeon, and saw 12 of its levels.

You collected 238 gold pieces.

Inventory:

Hand weapons
 o - a +0 blowgun
 s - a +0,+0 giant club
 J - a +2,+5 orcish battleaxe
Missiles
 j - 9 javelins (quivered)
Armour
 b - a +0 animal skin (worn)
 e - a +0 cap
 h - a +0 robe
 u - a +0 cloak
 F - a +0 mottled dragon hide
Comestibles
 a - 5 meat rations
 C - a bread ration
Scrolls
 d - a scroll of teleportation {unknown}
 f - 2 scrolls of remove curse {unknown}
 g - 6 scrolls of identify {unknown}
 l - a scroll of curse weapon {unknown}
 q - a scroll of noise {unknown}
 v - 3 scrolls of recharging {unknown}
 w - 3 scrolls of enchant weapon II {unknown}
 y - 7 scrolls of immolation {unknown}
 z - 3 scrolls of blinking {unknown}
 A - a scroll of torment {unknown}
Jewellery
 c - a +2 ring of strength (left claw)
 i - a +1 ring of strength
 k - an uncursed ring of see invisible {unknown}
 B - the amulet "Peutsa" {Clar Dam-3, unknown}
   (You found it on level 9 of the Dungeon)

   [amulet of clarity]

   It affects your damage-dealing abilities (-3).
 D - the ring "Gaip" {rF+ Dex+1, unknown}
   (You found it on level 10 of the Dungeon)

   [ring of protection from fire]

   It affects your dexterity (+1).
Potions
 m - 2 potions of curing {unknown}
 n - 2 potions of resistance {unknown}
 p - a potion of cure mutation {unknown}
 r - a potion of slowing {unknown}
 t - 3 potions of agility {unknown}
 x - a potion of restore abilities {unknown}
 E - a potion of heal wounds {unknown}
 G - a potion of berserk rage {unknown}
 H - a potion of flight {unknown}
Miscellaneous
 I - a disc of storms


   Skills:
 * Level 7.7 Fighting
 * Level 7.8 Dodging
 + Level 7.0 Unarmed Combat


You had 8 spell levels left.
You didn't know any spells.

Dungeon Overview and Level Annotations

Branches:
Dungeon (12/27)            Temple (0/1) D:6
    Orc: D:6-11        Lair: D:8-13

Altars:
Fedhas
Sif Muna

Annotations:
D:10 bmpenner's ghost, experienced GrMo


Innate Abilities, Weirdness & Mutations

You are too large for most types of armour.
You have claws for hands.
Your metabolism is lightning-fast.
You like to eat raw meat.
You heal very quickly.
You can eat rotten meat.
You are covered in fur (AC +1).
You have very tough skin (AC +2).


Message History

You claw the porcupine!
The porcupine begins to bleed from its wounds!
The porcupine is heavily wounded.
The porcupine barely misses you. The porcupine barely misses you.
You see here a giant club.
Your skin is crawling a little less now.
The porcupine is no longer bleeding.
You are struck by the porcupine's spines.
* * * LOW HITPOINT WARNING * * *
You hit the porcupine.
The porcupine begins to bleed from its wounds!
The porcupine is almost dead.
The porcupine bites you.
* * * LOW HITPOINT WARNING * * *
You barely miss the porcupine. Your punch misses the porcupine.
The porcupine is almost dead.
The porcupine barely misses you.
You are struck by the porcupine's spines.
You die...

### #.. #.# .♣♣
#.###.... #.##..P.♣ .
#.##.♣.P. .♣ .. #....♣♣
♣.♣♣. . #.##.♣♣#
#♣..♣♣. #@#..♣♣# #.♣...
#r#...♣## ##.P♣♣♣♣
#.#.....#+#......
#.#...♣♣♣#.♣♣.♣♣♣.
#>....♣....)♣.♣$.)
#.....#....♣P..♣.P?♣..
#.###..#.#.P♣♣♣...♣.♣♣♣
#(.#..§P♣♣..♣♣.P♣P.
.#.#.§§.♣♣.♣..PPP♣$


You could see a porcupine (bleeding).

Vanquished Creatures
  Urug (D:12)
  A hill giant (D:11)
  A wyvern (D:10)
  A hungry ghost (D:10)
  Edmund (D:6)
  A manticore (D:8)
  An orc warrior (D:6)
  A mottled dragon (D:11)
  A porcupine (D:11)
  A black bear (D:8)
  2 ogres
  A phantom (D:5)
  An ice beast (D:8)
  3 centaurs
  A crocodile (D:12)
  A water moccasin (D:9)
  A big kobold (D:11)
  2 giant frogs
  A quasit (D:12)
  2 hounds
  2 orc priests
  4 orc wizards
  2 scorpions
  2 worker ants
  A big kobold skeleton (D:5)
  2 adders
  A giant mite (D:1)
  A worm (D:10)
  A giant gecko (D:1)
  13 orcs
  2 giant cockroaches
  9 hobgoblins
  3 jackals (D:1)
  13 kobolds
  A quokka (D:2)
  8 bats
  3 goblins
  A quokka zombie (D:5)
  4 rats
  A fungus (D:6)
99 creatures vanquished.

Notes
Turn   | Place    | Note
--------------------------------------------------------------
     0 | D:1      | Revolution, the Troll Berserker, began the quest for the Orb.
     0 | D:1      | Reached XP level 1. HP: 23/23 MP: 0/0
   109 | D:1      | Reached XP level 2. HP: 31/31 MP: 0/0
   293 | D:2      | Found a deep blue altar of Sif Muna.
   334 | D:2      | Acquired Trog's second power
   345 | D:2      | Reached XP level 3. HP: 37/39 MP: 1/1
   559 | D:5      | Entered Level 5 of the Dungeon
   568 | D:5      | Noticed a phantom
   601 | D:5      | Killed a phantom
   601 | D:5      | Reached XP level 4. HP: 15/46 MP: 1/1
   624 | D:5      | Reached XP level 5. HP: 31/54 MP: 1/1
   640 | D:5      | Noticed an ogre
   645 | D:5      | Killed an ogre
   645 | D:5      | Reached skill level 4 in Dodging
   677 | D:4      | Reached XP level 6. HP: 39/62 MP: 2/2
   867 | D:6      | Found a staircase to the Ecumenical Temple.
   946 | D:6      | Found a blossoming altar of Fedhas.
   977 | D:6      | Reached XP level 7. HP: 58/70 MP: 2/2
  1022 | D:6      | Noticed Edmund
  1035 | D:6      | Killed Edmund
  1035 | D:6      | Reached skill level 5 in Dodging
  1159 | D:8      | Reached skill level 5 in Fighting
  1161 | D:8      | Reached skill level 5 in Unarmed Combat
  1248 | D:9      | Reached XP level 8. HP: 43/80 MP: 2/2
  1315 | D:9      | Reached skill level 6 in Dodging
  1429 | D:9      | Got a wavering bronze amulet
  1499 | D:10     | Entered Level 10 of the Dungeon
  1637 | D:10     | Got a heavily runed marble ring
  1653 | D:10     | Noticed bmpenner's ghost (experienced GrMo)
  2044 | D:11     | Acquired Trog's third power
  2070 | D:11     | Reached XP level 9. HP: 78/89 MP: 3/3
  2236 | D:12     | Noticed Urug
  2253 | D:12     | Killed Urug
  2253 | D:12     | Reached skill level 7 in Fighting
  2316 | D:11     | Noticed a hill giant
  2330 | D:11     | Killed a hill giant
  2367 | D:11     | HP: 4/91 [porcupine's spines (10)]
  2375 | D:11     | Impaled on a porcupine's spines

Action                   |  1- 3 |  4- 6 |  7- 9 || total
-------------------------+-------+-------+-------++-------
Melee: Unarmed           |    84 |    52 |   187 ||   323
Throw: Javelin           |       |       |     3 ||     3
Invok: Berserk           |       |     1 |     6 ||     7
       Trog's Hand       |       |       |     1 ||     1
